 Dungeon Crawl Stone Soup version 0.21.0-24-g2553a33 (webtiles) character file.

21107 Mgcat the Severer (level 12, -7/117 HPs)
             Began as a Demonspawn Artificer on Jan 19, 2018.
             Was an Elder of Trog.
             Mangled by an orc warrior
             ... wielding a +0 flail
              (8 damage)
             ... on level 1 of the Orcish Mines.
             The game lasted 00:41:21 (15254 turns).

Mgcat the Severer (Demonspawn Artificer)           Turns: 15254, Time: 00:41:21

Health: -7/117     AC: 26    Str: 14    XL:     12   Next: 51%
Magic:  15/15      EV:  2    Int: 13    God:    Trog [****..]
Gold:   840        SH:  0    Dex: 17    Spells: 11/11 levels left

rFire    + . .     SeeInvis .   E - +1 battleaxe
rCold    x . .     Gourm    +   (shield currently unavailable)
rNeg     + + +     Faith    .   (armour currently unavailable)
rPois    +         Spirit   .   (helmet currently unavailable)
rElec    .         Reflect  .   (cloak currently unavailable)
rCorr    .         Harm     .   (gloves currently unavailable)
MR       ++...     NoTele   +   (boots unavailable)
Stlth    ++........             y - amulet of the gourmand
HPRegen  1.29/turn              p - ring of fire
MPRegen  0.14/turn              (no ring)

@: tree-form, berserk cooldown, regenerating, slowed, very slow
A: demonic guardian 1
a: Berserk, Trog's Hand, Brothers in Arms, Burn Spellbooks, Renounce Religion


You were on level 1 of the Orcish Mines.
You worshipped Trog.
Trog was greatly pleased with you.
You were very full.
You were a tree.
You visited 2 branches of the dungeon, and saw 13 of its levels.

You collected 1004 gold pieces.
You spent 164 gold pieces at shops.

Inventory:

Hand Weapons
 a - a +2 whip of electrocution
 E - a +1 battleaxe (weapon)
Armour
 g - a +2 cloak of magic resistance (melded)
 o - a +2 pair of gloves (melded)
 v - a +2 buckler of poison resistance
 x - +4 gold dragon scales (melded)
Jewellery
 p - a ring of fire (left branch)
 y - an amulet of the gourmand (around neck)
Wands
 b - a wand of iceblast (19)
 c - a wand of flame (21)
 d - a wand of enslavement (42)
 e - a wand of random effects (15)
 u - a wand of disintegration (14)
 H - a wand of polymorph (12)
 K - a wand of paralysis (14)
Scrolls
 i - 11 scrolls of identify
 j - 8 scrolls of remove curse
 k - a scroll of magic mapping
 m - 4 scrolls of enchant weapon
 n - 2 scrolls of vulnerability {unknown}
 A - a scroll of teleportation
 C - 2 scrolls of fog
 G - a scroll of fear
 J - a scroll of silence {unknown}
Potions
 l - a potion of magic
 s - 2 potions of ambrosia
 t - 2 potions of mutation
 z - a potion of degeneration
 B - 2 potions of agility
 D - a potion of haste
 F - 3 potions of brilliance {unknown}
Comestibles
 f - 21 rations
 h - a chunk of flesh


   Skills:
 - Level 1.7 Fighting
   Level 0.8 Short Blades
 + Level 17.5 Axes
 - Level 1.7 Dodging
 - Level 0.8 Stealth
 - Level 5.1 Evocations


You had 11 spell levels left.
You didn't know any spells.

Dungeon Overview and Level Annotations

Branches:
Dungeon (12/15)            Temple (0/1) D:7            Lair (0/6) D:9
    Orc (1/2) D:11

Altars:
Ashenzari
Cheibriados
Dithmenos
Elyvilon
Fedhas
Gozag
Nemelex Xobeh
Qazlal
Ru
Sif Muna
Trog
Vehumet
Wu Jian
Xom
Yredelemnul
Beogh

Shops:
D:9 ?   D:10 [

Annotations:
D:3 1 runed door


Innate Abilities, Weirdness & Mutations

((You have hooves in place of feet.))
((You are completely covered in yellow scales. (AC +4, rCorr)))
A weak demonic guardian rushes to your aid.


Message History

The warg bites you but does no damage.
The orc warrior hits you but does no damage.
The orc knight hits you but does no damage.
The orc warrior hits you with a flail!
* * * LOW HITPOINT WARNING * * *
The warg bites you but does no damage.
Unknown command.
Unknown command.
Unknown command.
Unknown command.
Unknown command.
Unknown command.
Unknown command.
Unknown command.
The orc warrior hits you from afar with a glaive.
* * * LOW HITPOINT WARNING * * *
The orc knight roars a battlecry!
The orc goes into a battle-frenzy!
The warg bites you but does no damage. The orc warrior hits you with a flail!
You die...

##.## .#.##
###. ###...#
....# ##...
.#...##....#
#....
...........
##...
.......... ###.
##oo....... ##
##.##ooooo...##
#.
#....ohooo.....
#..
#.....#♣#......
... ..... ###
..... ... #...
o((. >.. ##.
o.. ## #. .. #
.


You could see an orc knight, a warg, 5 orc warriors, an orc priest and 4 orcs.

Vanquished Creatures
  Snorg (D:10)
  Josephine (D:11)
  7 two-headed ogres
  The ghost of Virusyak the Carver, a journeyman TeGl of the Shining One (D:10)
  Nergalle (D:11)
  The ghost of Virusyak the Carver, a novice TeGl of Okawaru (D:6)
  3 ugly things
  An orc sorcerer (Orc:1)
  Maurice (D:9)
  An efreet (D:12)
  2 trolls
  Grinder (D:3)
  A vampire (D:11)
  12 yaks
  3 wraiths (D:11)
  A wyvern (D:12)
  4 hogs (D:7)
  A hungry ghost (D:7)
  A steam dragon (D:9)
  A human (D:7)
  The ghost of Virusyak the Slasher, an amateur BaGl (D:4)
  An acid dragon (D:11)
  A soldier ant (D:11)
  A water moccasin (D:12)
  2 insubstantial wisps (D:9)
  Duvessa (D:5)
  An ice beast (D:12)
  An eye of draining (D:12)
  7 orc warriors
  2 black bears (D:12)
  5 sky beasts
  3 necrophages (D:8)
  7 ogres
  10 centaurs
  A big kobold (D:9)
  A crocodile (D:12)
  Blork the orc (D:5)
  4 bullfrogs
  Dowan (D:5)
  4 scorpions
  3 killer bees
  13 wights
  5 howler monkeys
  4 crimson imps
  3 hounds
  2 bullfrog zombies
  2 centaur zombies
  4 jellies
  11 orc priests
  2 bullfrog skeletons
  17 orc wizards
  2 centaur skeletons
  2 iguanas
  Natasha (twice) (D:4)
  7 worker ants
  A hound zombie (D:5)
  2 hound skeletons (D:7)
  3 gnolls (D:8)
  15 adders
  3 shadow imps
  An ooze (D:3)
  An adder zombie (D:8)
  An adder skeleton (D:7)
  7 dart slugs
  2 leopard geckos
  49 orcs
  A ball python (D:3)
  4 giant cockroaches
  8 goblins
  7 hobgoblins
  15 jackals
  13 kobolds
  4 quokkas
  6 bats
  2 frilled lizards (D:2)
  A leopard gecko zombie (D:6)
  8 rats
333 creatures vanquished.

Vanquished Creatures (collateral kills)
  3 yaks
  Eustachio (D:4)
  A wraith (D:11)
  An ogre (D:5)
  A centaur (D:7)
  3 orc wizards
  An orc priest (D:4)
  9 orcs
  A goblin (D:12)
  A kobold (D:9)
22 creatures vanquished.

Vanquished Creatures (others)
  A goblin (D:12)
  A quokka (D:5)
2 creatures vanquished.

Grand Total: 357 creatures vanquished

Notes
Turn   | Place    | Note
-------+----------+-------------------------------------------
     0 | D:1      | Mgcat the Demonspawn Artificer began the quest for the Orb.
     0 | D:1      | Reached XP level 1. HP: 15/15 MP: 3/3
   411 | D:1      | Gained mutation: You are partially covered in yellow scales. (AC +2) [demonic ancestry]
   411 | D:1      | Reached XP level 2. HP: 22/22 MP: 4/4
   425 | D:1      | Reached skill level 1 in Axes
  1061 | D:1      | Reached skill level 2 in Axes
  1087 | D:1      | Gained mutation: A weak demonic guardian rushes to your aid. [demonic ancestry]
  1087 | D:1      | Reached XP level 3. HP: 22/27 MP: 5/5
  1613 | D:2      | Reached skill level 3 in Axes
  1617 | D:2      | Gained mutation: You have large cloven feet. [demonic ancestry]
  1617 | D:2      | Reached XP level 4. HP: 21/33 MP: 6/6
  1974 | D:2      | Found a sacrificial altar of Ru.
  1978 | D:2      | Found a shimmering altar of Xom.
  2700 | D:3      | Reached skill level 4 in Axes
  2734 | D:3      | Reached XP level 5. HP: 33/38 MP: 7/7
  2778 | D:3      | Noticed Grinder
  2800 | D:3      | Paralysed by Grinder for 2 turns
  2805 | D:3      | Killed Grinder
  2805 | D:3      | Reached skill level 5 in Axes
  2805 | D:3      | Gained mutation: You are mostly covered in yellow scales. (AC +3) [demonic ancestry]
  2805 | D:3      | Reached XP level 6. HP: 25/44 MP: 8/8
  2963 | D:3      | Found a runed door.
  3628 | D:4      | Noticed Virusyak's ghost (amateur BaGl)
  3867 | D:4      | Killed Virusyak's ghost
  3867 | D:4      | Reached skill level 6 in Axes
  4107 | D:4      | Gained mutation: You have hoof-like feet. [demonic ancestry]
  4107 | D:4      | Reached XP level 7. HP: 22/49 MP: 9/9
  4313 | D:4      | Noticed Eustachio
  4324 | D:4      | Noticed Natasha
  4331 | D:4      | Killed Natasha
  4337 | D:4      | Reached skill level 7 in Axes
  4345 | D:4      | Killed Eustachio
  4675 | D:4      | Noticed Natasha
  4685 | D:4      | Killed Natasha
  4769 | D:5      | Entered Level 5 of the Dungeon
  4769 | D:5      | Found a deep blue altar of Sif Muna.
  4770 | D:5      | Found a sparkling altar of Nemelex Xobeh.
  4772 | D:5      | Found a shadowy altar of Dithmenos.
  4773 | D:5      | Found an opulent altar of Gozag.
  4773 | D:5      | Found a basalt altar of Yredelemnul.
  4774 | D:5      | Found a bloodstained altar of Trog.
  4774 | D:5      | Found a radiant altar of Vehumet.
  4775 | D:5      | Found a blossoming altar of Fedhas.
  4782 | D:5      | Became a worshipper of Trog the Wrathful
  4879 | D:5      | Noticed Blork the orc
  4899 | D:5      | Killed Blork the orc
  4909 | D:5      | Reached skill level 8 in Axes
  4980 | D:5      | Gained mutation: You have hooves in place of feet. [demonic ancestry]
  4980 | D:5      | Reached XP level 8. HP: 43/55 MP: 10/10
  5629 | D:5      | Noticed Duvessa
  5634 | D:5      | Noticed Dowan
  5635 | D:5      | Killed Duvessa
  5641 | D:5      | Killed Dowan
  5641 | D:5      | Reached skill level 5 in Evocations
  5925 | D:5      | Found a white marble altar of Elyvilon.
  6168 | D:5      | Found a snail-covered altar of Cheibriados.
  6234 | D:6      | Noticed Virusyak's ghost (novice TeGl)
  6263 | D:6      | Killed Virusyak's ghost
  6263 | D:6      | Reached * piety under Trog
  6263 | D:6      | Reached skill level 9 in Axes
  6465 | D:6      | Found a deep blue altar of Sif Muna.
  6569 | D:6      | Found a shattered altar of Ashenzari.
  6592 | D:6      | Gained mutation: You are completely covered in yellow scales. (AC +4, rCorr) [demonic ancestry]
  6592 | D:6      | Reached XP level 9. HP: 61/61 MP: 12/12
  6595 | D:6      | Reached skill level 10 in Axes
  7605 | D:7      | Reached skill level 11 in Axes
  7692 | D:7      | Found a staircase to the Ecumenical Temple.
  8207 | D:7      | Reached skill level 12 in Axes
  8234 | D:6      | Reached ** piety under Trog
  8571 | D:7      | Found an ornate altar of the Wu Jian Council.
  8690 | D:8      | Reached XP level 10. HP: 65/65 MP: 13/13
  9132 | D:8      | Noticed a two-headed ogre
  9307 | D:9      | Reached *** piety under Trog
  9308 | D:9      | Reached skill level 13 in Axes
  9473 | D:9      | Found a staircase to the Lair.
  9720 | D:9      | Found Fanwott's Magic Scroll Shoppe.
  9723 | D:9      | Bought a scroll of enchant armour for 82 gold pieces
  9723 | D:9      | Bought a scroll of enchant armour for 82 gold pieces
  9892 | D:9      | Noticed a green ugly thing
 10279 | D:8      | Killed a two-headed ogre
 10518 | D:9      | Killed a green ugly thing
 10626 | D:9      | Noticed a two-headed ogre
 10634 | D:9      | Killed a two-headed ogre
 10634 | D:9      | Reached skill level 14 in Axes
 10759 | D:9      | Reached XP level 11. HP: 72/72 MP: 14/14
 10979 | D:9      | Noticed Maurice
 10979 | D:9      | Noticed a two-headed ogre
 10988 | D:9      | Killed a two-headed ogre
 11000 | D:9      | Killed Maurice
 11355 | D:9      | Reached **** piety under Trog
 11421 | D:9      | Noticed a two-headed ogre
 11429 | D:9      | Killed a two-headed ogre
 11494 | D:9      | Identified a scroll of acquirement
 11514 | D:10     | Entered Level 10 of the Dungeon
 11514 | D:10     | Noticed Snorg
 11516 | D:10     | Noticed a two-headed ogre
 11521 | D:10     | Killed Snorg
 11521 | D:10     | Reached skill level 15 in Axes
 11524 | D:10     | Killed a two-headed ogre
 11816 | D:10     | Noticed Virusyak's ghost (journeyman TeGl)
 11836 | D:10     | Killed Virusyak's ghost
 11887 | D:10     | Found Odeit's Armour Shoppe.
 11899 | D:10     | Found a sacrificial altar of Ru.
 12617 | D:11     | Noticed Josephine
 12629 | D:11     | Killed Josephine
 12629 | D:11     | Reached skill level 16 in Axes
 13158 | D:11     | Noticed Nergalle
 13182 | D:11     | Killed Nergalle
 13324 | D:11     | Found a stormy altar of Qazlal.
 13403 | D:11     | Reached XP level 12. HP: 37/78 MP: 15/15
 13684 | D:11     | Found a staircase to the Orcish Mines.
 13723 | D:11     | You fall through a shaft!
 13802 | D:12     | Noticed a two-headed ogre
 13816 | D:12     | Noticed a two-headed ogre
 13820 | D:12     | Killed a two-headed ogre
 13871 | D:12     | Reached skill level 17 in Axes
 14104 | D:12     | Killed a two-headed ogre
 14104 | D:12     | Received a gift from Trog
 14327 | D:12     | Found a flagged portal.
 14743 | D:11     | Found a roughly hewn altar of Beogh.
 14892 | Orc:1    | Entered Level 1 of the Orcish Mines
 15253 | Orc:1    | HP: 1/117 [orc warrior/flail (11)]
 15254 | Orc:1    | Mangled by an orc warrior

Skill      XL: |  1  2  3  4  5  6  7  8  9 10 11 12 |
---------------+-------------------------------------+-----
Axes           | 2 3 4 5 6 8 9 12 14 16 17 | 17.5
Evocations     | 5 |  5.1
Fighting       | |  1.7
Short Blades   | |  0.8
Dodging        | |  1.7
Stealth        | |  0.8

Action                   |  1- 3 |  4- 6 |  7- 9 | 10-12 || total
-------------------------+-------+-------+-------+-------++-------
Melee: Short sword       |    79 |    76 |       |       ||   155
       Hand axe          |    41 |       |       |       ||    41
       Kick              |       |    26 |    80 |   230 ||   336
       Whip              |       |    40 |   356 |    41 ||   437
       Battleaxe         |       |       |       |   679 ||   679
       Unarmed           |       |       |       |    14 ||    14
Invok: Berserk           |       |       |     2 |    17 ||    19
       Trog's Hand       |       |       |       |    13 ||    13
       Burn Spellbooks   |       |       |       |     2 ||     2
Evoke: Wand              |       |     5 |     4 |     3 ||    12
  Use: Scroll            |       |     4 |       |    27 ||    31
       Potion            |       |       |       |     8 ||     8
 Stab: Sleeping          |     3 |       |       |       ||     3
       Distracted        |       |       |     4 |     3 ||     7
  Eat: Chunk             |     2 |     7 |    15 |    38 ||    62
       Ration            |       |       |     3 |     3 ||     6
Armor: Leather armour    |    23 |       |       |       ||    23
       Chain mail        |    35 |    64 |    46 |       ||   145
       Gold dragon scale |       |       |   219 |   658 ||   877
       Skin              |       |       |       |     6 ||     6
Dodge: Dodged            |    75 |    30 |    37 |    34 ||   176
